 Dungeon Crawl Stone Soup version 0.17.0-7-gfadd4cc (webtiles) character file.

105546 Arkorax the Brawler (level 15, 0/129 HPs)
             Began as a Minotaur Monk on Nov 8, 2015.
             Was the Champion of Qazlal.
             Slain by an orc warrior
             ... wielding a +0 hand axe
              (6 damage)
             ... while paralysed by an orc sorcerer
             ... on level 4 of the Orcish Mines.
             The game lasted 01:01:51 (24744 turns).

Arkorax the Brawler (Minotaur Monk)                Turns: 24744, Time: 01:01:51

Health: 0/129      AC: 25    Str: 20    XL:     15   Next: 95%
Magic:  13/18      EV:  2    Int: 14    God:    Qazlal [******]
Gold:   1603       SH:  0    Dex: 21    Spells: 0 memorised, 14 levels left

rFire  + . .     SeeInvis +       - Unarmed
rCold  + . .     Clarity  .     T - +4 ring mail of Zoukkygo {rElec rF+ Regen+ Int+3}
rNeg   + . .     SustAt   .     k - +0 buckler
rPois  .         Gourm    .     f - +2 hat
rElec  +         Spirit   .     o - +0 cloak
rCorr  .         Warding  +     y - +2 pair of gloves
rMut   .         Stasis   .     h - +2 pair of boots
MR     +....                    n - amulet of warding
Stlth  +.........               Z - ring "Cuadas" {rC+ Str+2 Int+4 Dex+4 Stlth+}
                                U - ring of see invisible

@: paralysed, lethally poisoned (0 -> -1), protected from physical damage, repel
missiles, somewhat resistant to hostile enchantments, very unstealthy
A: retaliatory headbutt, horns 2
a: Upheaval, Elemental Force, Disaster Area, Renounce Religion


You were on level 4 of the Orcish Mines.
You worshipped Qazlal.
Qazlal was exalted by your worship.
You were not hungry.

You visited 4 branches of the dungeon, and saw 27 of its levels.
You also visited: Labyrinth.

You collected 2430 gold pieces.
You spent 827 gold pieces at shops.

Inventory:

Hand Weapons
 z - a +4 scimitar of flaming
Missiles
 A - 27 tomahawks (quivered)
Armour
 f - a +2 hat (worn)
 h - a +2 pair of boots (worn)
 k - a +0 buckler (worn)
 o - a +0 cloak (worn)
 y - a +2 pair of gloves (worn)
 T - the +4 ring mail of Zoukkygo (worn) {rElec rF+ Regen+ Int+3}
   (You found it on level 6 of the Lair of Beasts)

   It affects your intelligence (+3).
   It protects you from fire.
   It insulates you from electricity.
   It increases your rate of regeneration.
Rods
 V - a +0 rod of inaccuracy (9/9)
   (You took it off a deep elf mage on level 14 of the Dungeon)
Jewellery
 n - an amulet of warding (around neck)
 s - an uncursed ring of wizardry
 F - a +2 ring of strength {unknown}
 U - a ring of see invisible (left hand)
 Z - a ring "Cuadas" (right hand) {rC+ Str+2 Int+4 Dex+4 Stlth+}
   (You bought it in a shop on level 14 of the Dungeon)

   [ring of strength]

   It affects your strength (+2).
   It affects your intelligence (+4).
   It affects your dexterity (+4).
   It protects you from cold.
   It makes you more stealthy.
Wands
 N - a wand of flame (6)
 O - a wand of digging (9)
 P - a wand of disintegration (15)
Scrolls
 a - 5 scrolls of teleportation
 c - 6 scrolls of identify
 e - a scroll of enchant armour
 g - 2 scrolls of immolation
 i - a scroll of enchant weapon
 p - 6 scrolls of fear
 w - 5 scrolls of recharging
 C - 2 scrolls of blinking
 H - a scroll of silence
 Q - 6 scrolls of remove curse
 X - 2 scrolls of amnesia
Potions
 q - 3 potions of resistance
 r - a potion of heal wounds
 t - 2 potions of magic
 u - 2 potions of ambrosia
 v - a potion of mutation
 x - 2 potions of cancellation
 B - 3 potions of brilliance
 G - 4 potions of haste
 I - 5 potions of lignification
 J - 2 potions of flight
 K - 4 potions of might
 L - a potion of invisibility {unknown}
 M - 9 potions of curing
Books
 j - a book of Ice

   Spells                             Type                      Level
   a - Ice Form                       Ice/Transmutation            4
   b - Metabolic Englaciation         Hexes/Ice                    5
   c - Ozocubu's Refrigeration        Ice                          6
   d - Bolt of Cold                   Conjuration/Ice              6
   e - Freezing Cloud                 Conjuration/Ice/Air          6
   f - Simulacrum                     Ice/Necromancy               6
 E - a book of Geomancy

   Spells                             Type                      Level
   a - Sandblast                      Earth                        1
   b - Stoneskin                      Transmutation/Earth          2
   c - Passwall                       Transmutation/Earth          3
   d - Stone Arrow                    Conjuration/Earth            3
   e - Petrify                        Transmutation/Earth          4
   f - Lee's Rapid Deconstruction     Earth                        5
 S - a book of Party Tricks

   Spells                             Type                      Level
   a - Summon Butterflies             Summoning                    1
   b - Apportation                    Translocation                1
   c - Tukima's Dance                 Hexes                        3
   d - Alistair's Intoxication        Transmutation/Poison         4
   e - Invisibility                   Hexes                        6
 Y - a Necronomicon

   Spells                             Type                      Level
   a - Haunt                          Necromancy/Summoning         7
   b - Borgnjor's Revivification      Necromancy                   8
   c - Death's Door                   Charms/Necromancy            8
   d - Necromutation                  Transmutation/Necromancy     8
Miscellaneous
 R - a disc of storms
Comestibles
 b - 3 bread rations
 d - 6 meat rations
 l - 2 slices of pizza
 m - 22 beef jerkies
 D - 12 royal jellies
 W - 14 fruits


   Skills:
 + Level 11.1 Fighting
 - Level 0.8 Long Blades
 - Level 11.0 Armour
 - Level 18.8 Dodging
 - Level 1.5 Stealth
 - Level 6.2 Shields
 - Level 20.0 Unarmed Combat
 * Level 6.0 Invocations
 - Level 0.5 Evocations


You had 14 spell levels left.
You didn't know any spells.

Dungeon Overview and Level Annotations

Branches:
Dungeon (15/15)            Temple (1/1) D:4            Lair (8/8) D:9
 Shoals (0/4) Lair:4       Spider (0/4) Lair:6          Orc (4/4) D:12
 Vaults (0/5) D:13         Depths (0/5) D:15
  Slime: Lair:6-8       Elf: Orc:3-4

Altars:
Ashenzari
Cheibriados
Dithmenos
Elyvilon
Fedhas
Gozag
Kikubaaqudgha
Makhleb
Nemelex Xobeh
Okawaru
Qazlal
Ru
Sif Muna
Trog
Vehumet
Xom
Yredelemnul
Zin
The Shining One

Shops:
D:5 *   D:9 !   D:10 :   D:14 *   Orc:1 !

Portals:
Trove: D:10 (give +3 fire dragon armour)

Annotations:
D:12 exclusion: obsidian statue
Lair:6 exclusion: 4 oklob plants


Innate Abilities, Weirdness & Mutations

You reflexively headbutt those who attack you in melee.
You have a pair of horns on your head.


Message History

An orc warrior comes into view. It is wielding a hand axe.
You feel sick.
The hell hound bites you but does no damage.
The orc warlord roars a battlecry!
The orcs go into a battle-frenzy!
The orc sorcerer gestures wildly while chanting.
The ogre barely misses you. The hell hound bites you!
* * * LOW HITPOINT WARNING * * *
The warg bites you but does no damage.
The orc warrior hits you from afar with a trident.
* * * LOW HITPOINT WARNING * * *
You feel more protected from physical attacks.
The orc warrior is engulfed in freezing vapours.
The orc warrior hits you with a mace.
* * * LOW HITPOINT WARNING * * *
You feel more protected from physical attacks.
An orc knight comes into view. It is wielding a broad axe.
You feel sick.
The orc warrior hits you with a hand axe.
You die...

#...$.
####......o
#......$.o.
###.....o..o
#..........#
##........#
#.$.§..§o##
##..4Ohoo.##
#.#.§@o)o.#
####.oh)..#
#.).o.....
#.........
##........
##.......
###.... #...


You could see an orc warlord, 2 orc knights, a rust devil, a warg, an orc
sorcerer, 5 orc warriors, a hell hound, an ogre and 2 orcs.

Vanquished Creatures
  Rupert (Lair:8)
  Maud (D:14)
  Nessos (D:14)
  Azrael (Orc:4)
  A minotaur (Lab)
  An ettin (D:13)
  Fannar (D:10)
  4 hydras
  An ice dragon (Lair:8)
  3 centaur warriors
  The ghost of krfreak the Grappler, a novice TrMo (D:10)
  Erica (D:8)
  A catoblepas (D:13)
  A queen ant (Lair:5)
  An alligator (shapeshifter) (D:13)
  A tengu warrior (D:13)
  Nergalle (D:10)
  10 skeletal warriors
  An unseen horror (D:12)
  An orc sorcerer (Orc:4)
  A necromancer (D:13)
  An orc knight (Orc:4)
  7 hill giants
  3 lindwurms
  12 ugly things
  3 cyclopes
  13 elephants
  5 black mambas
  2 griffons
  3 manticores (D:13)
  3 sirens (Lair:4)
  8 centaur zombies
  Joseph (D:7)
  A guardian serpent (shapeshifter) (D:15)
  3 orange demons (D:13)
  5 torpor snails (Lair:8)
  A gargoyle (D:14)
  10 spiny frogs
  A yaktaur (shapeshifter) (D:13)
  A merfolk (Lair:4)
  A freezing wraith (D:15)
  6 trolls
  3 kobold demonologists
  4 komodo dragons
  7 fire drakes
  9 polar bears
  A tengu conjurer (D:14)
  3 raiju (Lair:8)
  4 giant leeches (Lair:8)
  Prince Ribbit (D:8)
  41 blink frogs
  6 slime creatures (D:15)
  2 two-headed ogres
  A hornet zombie (D:13)
  A boulder beetle (Lair:6)
  A tarantella (Lair:6)
  A water elemental (D:15)
  A wyvern (D:11)
  46 yaks
  2 deep elf magi
  7 fire elementals (Orc:4)
  A human (shapeshifter) (D:14)
  2 wraiths
  3 vampire mosquitoes
  A golden eye (shapeshifter) (D:15)
  A basilisk (Lair:8)
  A shadow (D:14)
  6 hippogriffs
  A mottled dragon (D:12)
  10 wargs
  4 hungry ghosts
  2 hell hounds (Lair:8)
  12 soldier ants
  A porcupine (shapeshifter) (D:15)
  10 ogres
  19 wolves
  13 porcupines
  5 orc warriors
  A spider (D:12)
  A sky beast (D:13)
  5 eyes of draining
  4 ice beasts
  15 water moccasins
  14 black bears
  11 centaurs
  5 phantoms
  6 wasps
  6 crocodiles
  4 big kobolds
  4 boggarts (D:15)
  5 brain worms
  Blork the orc (D:5)
  10 giant frogs
  2 wyvern skeletons
  12 scorpions
  15 killer bees
  6 electric eels
  13 wights
  7 crimson imps
  2 quasits
  3 giant frog zombies
  17 orc priests
  23 hounds
  4 jellies
  Crazy Yiuf (D:3)
  7 centaur skeletons
  A hound (shapeshifter) (D:15)
  11 orc wizards
  3 giant frog skeletons
  Terence (D:2)
  6 iguanas
  49 worker ants
  A killer bee zombie (D:8)
  7 hell rats (Lair:3)
  24 sheep
  2 hound zombies
  2 worker ant zombies
  8 adders
  4 gnolls
  37 river rats
  2 shadow imps
  2 oozes (D:4)
  3 adder skeletons
  An adder zombie (D:5)
  23 worms
  3 giant geckos
  92 orcs
  4 giant cockroaches
  5 goblins
  8 hobgoblins
  27 kobolds
  6 quokkas
  2 ball pythons
  4 bats
  A giant gecko skeleton (D:6)
  2 giant newts
  11 jackals
  A jackal skeleton (D:5)
  A quokka skeleton (D:5)
  9 rats
  75 fungi
  40 plants
1040 creatures vanquished.

Vanquished Creatures (others)
  A tengu conjurer (D:14)
  A river rat (Lair:3)
  13 fungi
  25 plants
40 creatures vanquished.

Grand Total: 1080 creatures vanquished

Notes
Turn   | Place    | Note
--------------------------------------------------------------
     0 | D:1      | Arkorax the Minotaur Monk began the quest for the Orb.
     0 | D:1      | Reached XP level 1. HP: 19/19 MP: 0/0
   121 | D:1      | Reached XP level 2. HP: 22/27 MP: 1/1
   571 | D:1      | Reached skill level 5 in Unarmed Combat
   748 | D:2      | Noticed Terence
   756 | D:2      | Killed Terence
   756 | D:2      | Reached XP level 3. HP: 32/34 MP: 2/2
   971 | D:2      | Reached XP level 4. HP: 38/41 MP: 3/3
  1437 | D:3      | Found a sacrificial altar of Ru.
  1574 | D:3      | Found a burning altar of Makhleb.
  1801 | D:3      | Noticed an eye of draining
  1803 | D:3      | Found a bloodstained altar of Trog.
  1804 | D:3      | Noticed an eye of draining
  1816 | D:3      | Reached skill level 5 in Fighting
  1821 | D:3      | Killed an eye of draining
  1821 | D:3      | Reached skill level 6 in Unarmed Combat
  1821 | D:3      | Reached XP level 5. HP: 39/49 MP: 0/4
  1834 | D:3      | Killed an eye of draining
  1834 | D:3      | Reached XP level 6. HP: 46/57 MP: 0/5
  2070 | D:3      | Noticed Crazy Yiuf
  2083 | D:3      | Killed Crazy Yiuf
  2445 | D:4      | Found a staircase to the Ecumenical Temple.
  2457 | Temple   | Entered the Ecumenical Temple
  2744 | D:4      | Reached skill level 7 in Unarmed Combat
  2752 | D:4      | Reached XP level 7. HP: 50/66 MP: 6/6
  3327 | D:5      | Entered Level 5 of the Dungeon
  3511 | D:4      | Reached skill level 8 in Unarmed Combat
  3780 | D:5      | Noticed Blork the orc
  3786 | D:5      | Killed Blork the orc
  3786 | D:5      | Reached XP level 8. HP: 60/73 MP: 7/7
  3799 | D:5      | Reached skill level 5 in Dodging
  4027 | D:5      | You fall through a shaft for 2 floors!
  4125 | D:6      | Reached skill level 9 in Unarmed Combat
  4156 | D:6      | Found an ancient bone altar of Kikubaaqudgha.
  4316 | D:5      | Found Rythrut's General Store.
  4334 | D:5      | Bought a scroll of silence for 82 gold pieces
  4572 | D:6      | Found a stormy altar of Qazlal.
  4603 | D:6      | Found a shimmering altar of Xom.
  4608 | D:6      | Became a worshipper of Qazlal Stormbringer
  4608 | D:6      | Reached * piety under Qazlal
  4608 | D:6      | Reached ** piety under Qazlal
  5051 | D:7      | Reached XP level 9. HP: 70/79 MP: 8/8
  5125 | D:7      | Noticed Joseph
  5127 | D:7      | Reached skill level 10 in Unarmed Combat
  5142 | D:7      | Killed Joseph
  5199 | D:7      | You fall through a shaft for 2 floors!
  5260 | D:9      | Found Meastrurgh's Distillery.
  5307 | D:8      | Noticed Prince Ribbit
  5379 | D:7      | Found a bloodstained altar of Trog.
  5499 | D:7      | Found an iron altar of Okawaru.
  5689 | D:8      | Reached *** piety under Qazlal
  5714 | D:8      | Reached skill level 10 in Dodging
  5863 | D:8      | Reached skill level 11 in Unarmed Combat
  5874 | D:8      | Killed Prince Ribbit
  6033 | D:8      | Noticed Erica
  6313 | D:8      | Killed Erica
  6313 | D:8      | Reached XP level 10. HP: 58/86 MP: 5/9
  6730 | D:9      | Bought a potion of heal wounds for 75 gold pieces
  6801 | D:9      | Found a staircase to the Lair.
  7274 | D:10     | Entered Level 10 of the Dungeon
  7288 | D:10     | Noticed Nergalle
  7317 | D:10     | Killed Nergalle
  7317 | D:10     | Reached skill level 12 in Dodging
  7347 | D:10     | Noticed krfreak's ghost (novice TrMo)
  7425 | D:10     | Noticed a hill giant
  7598 | D:9      | Reached **** piety under Qazlal
  7621 | Lair:1   | Entered Level 1 of the Lair of Beasts
  7840 | Lair:1   | Reached XP level 11. HP: 65/92 MP: 10/10
  7857 | Lair:1   | Reached skill level 13 in Dodging
  7963 | Lair:1   | Noticed a black mamba
  7975 | Lair:1   | Killed a black mamba
  8817 | Lair:1   | Reached skill level 14 in Dodging
  8821 | Lair:1   | Reached ***** piety under Qazlal
 10005 | Lair:3   | Reached skill level 15 in Dodging
 10012 | Lair:3   | Reached XP level 12. HP: 85/100 MP: 11/11
 10872 | Lair:4   | Found a labyrinth entrance.
 10881 | Lab      | Entered a labyrinth
 11146 | Lab      | Noticed a minotaur
 11160 | Lab      | Killed a minotaur
 11171 | Lab      | Identified the Reference Book on Orientation
 11174 | Lab      | Identified Defe's Tome of Dried Tears
 11447 | Lair:4   | Reached skill level 1 in Armour
 11487 | Lair:4   | Reached skill level 16 in Dodging
 12132 | Lair:4   | Found a staircase to the Shoals.
 12620 | Lair:4   | Noticed a seven-headed hydra
 13054 | Lair:4   | Killed a four-headed hydra
 13054 | Lair:4   | Reached skill level 5 in Armour
 13393 | Lair:5   | Reached ****** piety under Qazlal
 13405 | Lair:5   | Reached skill level 17 in Dodging
 13417 | Lair:5   | Reached XP level 13. HP: 65/106 MP: 12/12
 15282 | Lair:6   | Reached skill level 10 in Armour
 15416 | Lair:6   | Found a hole to the Spider Nest.
 15758 | Lair:6   | Got a sapphire-encrusted ring mail
 15769 | Lair:6   | Identified the +4 ring mail of Zoukkygo {rElec rF+ Regen+ Int+3} (You found it on level 6 of the Lair of Beasts)
 16132 | Lair:6   | Reached skill level 1 in Shields
 16961 | Lair:8   | Entered Level 8 of the Lair of Beasts
 17162 | Lair:8   | Reached skill level 18 in Dodging
 17747 | Lair:8   | Reached XP level 14. HP: 107/113 MP: 13/13
 17757 | Lair:8   | Found a runed door.
 17807 | Lair:8   | Noticed Rupert
 17809 | Lair:8   | Paralysed by Rupert for 6 turns
 17863 | Lair:8   | Killed Rupert
 17863 | Lair:8   | Reached skill level 5 in Shields
 18460 | Lair:8   | Reached skill level 15 in Unarmed Combat
 18915 | D:10     | Killed a hill giant
 18941 | D:10     | Killed krfreak's ghost
 18998 | D:10     | Found a portal to a secret trove of treasure.
 19061 | D:10     | Noticed Fannar
 19084 | D:10     | Killed Fannar
 19226 | D:10     | Found Vehusuuc's Book Emporium.
 20775 | D:12     | Found a staircase to the Orcish Mines.
 21234 | D:13     | Reached skill level 19 in Unarmed Combat
 21234 | D:13     | Reached XP level 15. HP: 104/119 MP: 14/14
 21616 | D:13     | Found a gate to the Vaults.
 22103 | D:14     | Noticed Maud
 22126 | D:14     | Killed Maud
 22126 | D:14     | Reached skill level 20 in Unarmed Combat
 22216 | D:14     | Reached skill level 1 in Invocations
 22260 | D:14     | Found a shattered altar of Ashenzari.
 22352 | D:14     | Noticed Nessos
 22380 | D:14     | Killed Nessos
 22683 | D:14     | Found a shattered altar of Ashenzari.
 22852 | D:14     | Found Xaeheat's Assorted Antiques.
 22866 | D:14     | Bought a pitted jade ring for 200 gold pieces
 22866 | D:14     | Bought a potion of might for 160 gold pieces
 22867 | D:14     | Identified a ring "Cuadas" {rC+ Str+2 Int+4 Dex+4 Stlth+} (You bought it in a shop on level 14 of the Dungeon)
 22926 | D:14     | Bought a scroll labeled AZXIKI HEOC for 40 gold pieces
 22949 | D:15     | Entered Level 15 of the Dungeon
 23472 | D:15     | Reached skill level 5 in Invocations
 23501 | D:15     | Found a staircase to the Depths.
 23635 | D:15     | Reached skill level 10 in Fighting
 24157 | Orc:1    | Entered Level 1 of the Orcish Mines
 24467 | Orc:1    | Found Lidd's Distillery.
 24474 | Orc:1    | Bought a potion of curing for 45 gold pieces
 24474 | Orc:1    | Bought a potion of heal wounds for 75 gold pieces
 24474 | Orc:1    | Bought a potion of haste for 150 gold pieces
 24709 | Orc:2    | You fall through a shaft for 2 floors!
 24709 | Orc:4    | Entered Level 4 of the Orcish Mines
 24709 | Orc:4    | Noticed Azrael
 24718 | Orc:4    | Killed Azrael
 24738 | Orc:4    | Paralysed by an orc sorcerer for 6 turns
 24743 | Orc:4    | HP: 6/129 [orc warrior/mace (3)]
 24744 | Orc:4    | Slain by an orc warrior

Action                   |  1- 3 |  4- 6 |  7- 9 | 10-12 | 13-15 || total
-------------------------+-------+-------+-------+-------+-------++-------
Melee: Unarmed           |    58 |    92 |   352 |   759 |  1728 ||  2989
       Scimitar          |       |       |       |     4 |    11 ||    15
Throw: Tomahawk          |       |       |     2 |       |       ||     2
Invok: Upheaval          |       |       |     1 |     1 |       ||     2
       Elemental Force   |       |       |       |       |     1 ||     1
       Disaster Area     |       |       |       |       |     1 ||     1
Evoke: Wand              |       |     3 |     1 |     7 |     4 ||    15
  Use: Scroll            |       |     3 |     7 |    14 |    13 ||    37
       Potion            |       |     1 |     2 |     5 |     6 ||    14
 Stab: Sleeping          |     5 |       |     1 |       |       ||     6
  Eat: Chunk             |       |     3 |       |       |     2 ||     5
       Bread ration      |       |     1 |     4 |     2 |     3 ||    10
       Meat ration       |       |       |       |     3 |     3 ||     6
       Beef jerky        |       |       |       |       |     3 ||     3
